 Dungeon Crawl Stone Soup version 0.22-a0-354-g30dfbe6 (webtiles) character file.

252 4thArraOfDagon the Firebug (level 6, -5/36 HPs)
             Began as an Octopode Fire Elementalist on Apr 16, 2018.
             Slain by a gnoll (8 damage)
             ... on level 7 of the Dungeon.
             The game lasted 00:04:23 (1178 turns).

4thArraOfDagon the Firebug (OpFE)                   Turns: 1178, Time: 00:04:24

Health: -5/36      AC:  1    Str:  8    XL:     6   Next: 13%
Magic:  10/10      EV: 13    Int: 19    God:
Gold:   157        SH:  0    Dex: 12    Spells: 3/11 levels left

rFire    . . .     SeeInvis .   h - +2 dagger (venom)
rCold    . . .     Gourm    .   (no shield)
rNeg     . . .     Faith    .   (helmet restricted)
rPois    .         Spirit   .   (no amulet)
rElec    .         Reflect  .   (no ring)
rCorr    .         Harm     .   (no ring)
MR       .....                  (no ring)
Stlth    ++........             (no ring)
HPRegen  0.12/turn              (no ring)
MPRegen  0.12/turn              (no ring)
                                (no ring)
                                (no ring)

@: confused, lethally poisoned (-5 -> -6)
A: almost no armour, stealthy swim, amphibious, 8 rings, constrict 8, camouflage
1, gelatinous body 1
a: no special abilities


You were on level 7 of the Dungeon.
You were not hungry.

You visited 1 branch of the dungeon, and saw 6 of its levels.

You collected 157 gold pieces.

Inventory:

Hand Weapons
 a - a +0 whip
 h - a +2 dagger of venom (weapon)
Wands
 j - a wand of iceblast (6)
Scrolls
 c - 3 scrolls of identify {unknown}
 f - 2 scrolls of teleportation {unknown}
 g - a scroll of fear {unknown}
 k - a scroll of enchant weapon {unknown}
 l - a scroll of remove curse {unknown}
 m - a scroll of amnesia {unknown}
Potions
 e - 2 potions of might {unknown}
Comestibles
 b - 6 rations
 d - 2 chunks of flesh


   Skills:
 - Level 2.0 Dodging
 - Level 2.6 Stealth
 + Level 3.1 Spellcasting
 * Level 3.7 Conjurations
 * Level 4.7 Fire Magic


You had 3 spell levels left.
You knew the following spells:

 Your Spells              Type           Power        Failure   Level  Hunger
a - Flame Tongue          Conj/Fire      ###..        2%          1    None
b - Conjure Flame         Conj/Fire      ###.....     8%          3    ###....
c - Sticky Flame          Conj/Fire      ###.....     26%         4    ####...


Dungeon Overview and Level Annotations

Branches:
Dungeon (7/15)
 Temple: D:4-7

Altars:
Dithmenos
Fedhas

Shops:
D:6 [

Portals:
Sewer: D:4


Innate Abilities, Weirdness & Mutations

You cannot wear most types of armour.
You are very stealthy in the water. (Stealth+)
You are amphibious.
You can wear up to eight rings at the same time.
You can use your tentacles to constrict eight enemies at once.
Your skin changes colour to match your surroundings (Stealth+).
Your rubbery body absorbs attacks. (AC +1, EV +1)


Message History

Unknown command.
Unknown command.
As you read the scroll of magic mapping, it crumbles to dust.
You feel aware of your surroundings.
You sensed 1 shop/portal.
The gnoll barely misses you.
The gnoll moves out of view.
The gnoll hits you from afar with a spear.
The gnoll shaman hits you with a club.
* * * LOW HITPOINT WARNING * * *
A centaur comes into view.
Unknown command.
The gnoll shouts!
The centaur moves out of view.
Unknown command.
Unknown command.
It was a potion of ambrosia.
You are confused.
You feel invigorated. The gnoll hits you with a club!
* * * LOW HITPOINT WARNING * * *
The gnoll hits you!
You die...

** **,,,**,,,,,,,,,,,,,,* *,,,,,,
*****,,,**,,,,,,,,,,,,,,* *,,,,,,
,,,,,,,,,*,,*,,,,,,,,,,****,,,,,,
****#....,,,,,,,,**,,,#**,,,,,,,,
* #..#..,,,########.##,,,,,,,,,
** #..#.#.*,,.g.c......,*,*,,,,,
.#* #.....,*###..g.(...#>,∩,,,,,,
..# #.....**#.zg#.......,*,*,,,,,
..####...####.##@gg..)..,,,,,,,,,
..............##........,,,,,,,,,
....#.#...z#####........,,,,,,,**
........$...............,,,,,,,*
...†#.#.##..z...........,,,,,,,*
#..##...##..............,,,,,,**
...##..###.............#,,,,,**
....#(.###......z...####******
.........#.......,,,*


You could see a centaur, a gnoll shaman, 2 wights and 4 gnolls.

Vanquished Creatures
  A scorpion (D:6)
  A crimson imp (D:5)
  A hound (D:6)
  A centaur skeleton (D:5)
  2 worker ants (D:7)
  A river rat (D:4)
  2 oozes
  A worm (D:4)
  A dart slug (D:4)
  A leopard gecko (D:7)
  5 orcs (D:6)
  2 giant cockroaches
  4 goblins (D:1)
  3 jackals (D:1)
  2 ball pythons
  5 bats
  2 frilled lizards
  7 kobolds
  A leopard gecko skeleton (D:4)
  3 rats
46 creatures vanquished.

Notes
Turn   | Place    | Note
-------+----------+-------------------------------------------
     0 | D:1      | 4thArraOfDagon the Octopode Fire Elementalist began the quest for the Orb.
     0 | D:1      | Reached XP level 1. HP: 11/11 MP: 3/3
   221 | D:1      | Reached XP level 2. HP: 17/17 MP: 5/5
   512 | D:1      | Reached XP level 3. HP: 5/21 MP: 4/6
   517 | D:1      | Learned a level 3 spell: Conjure Flame
   649 | D:2      | You fall through a shaft for 2 floors!
   668 | D:4      | Found a glowing drain.
   740 | D:4      | Noticed a slave
   843 | D:5      | Entered Level 5 of the Dungeon
   852 | D:5      | Reached XP level 4. HP: 23/27 MP: 3/7
   862 | D:5      | Learned a level 4 spell: Sticky Flame
   911 | D:5      | Reached skill level 4 in Fire Magic
  1009 | D:6      | Reached XP level 5. HP: 13/31 MP: 5/9
  1114 | D:6      | Found Tiptakh's Armour Emporium.
  1138 | D:7      | Reached XP level 6. HP: 30/36 MP: 10/10
  1147 | D:7      | Found a blossoming altar of Fedhas.
  1148 | D:7      | Found a shadowy altar of Dithmenos.
  1178 | D:7      | Slain by a gnoll

Vault maps used:
D:1:      sevenhm_arrival_forest_fort_large_4
D:4:      cheibrodos_sewer_entry_sluice, uniq_pikel
D:5:      minmay_temple_entry_trees, first_ration,
          nicolae_ossuary_entry_catacombs
D:6:      minmay_flawed_box, serial_shops, nicolae_shop_trees,
          minmay_three_doors
D:7:      fedhas_altar_1, serial_shops, nicolae_shop_crystal,
          nicolae_dithmenos_through_a_glass_darkly, uniq_crazy_yiuf_cottage

Skill      XL: |  1  2  3  4  5 |
---------------+----------------+-----
Conjurations   | 2 3 |  3.7
Fire Magic     | 4 |  4.7
Spellcasting   | 3 |  3.1
Dodging        | |  2.0
Stealth        | |  2.6

Action                   |  1- 3 |  4- 6 || total
-------------------------+-------+-------++-------
Melee: Whip              |    26 |       ||    26
       Tentacles         |     9 |       ||     9
       Constrict         |    10 |     3 ||    13
       Unarmed           |     1 |       ||     1
       Dagger            |     8 |    14 ||    22
 Cast: Flame Tongue      |    33 |    13 ||    46
       Conjure Flame     |     1 |       ||     1
       Sticky Flame      |       |     1 ||     1
Evoke: Wand              |       |     1 ||     1
  Use: Scroll            |       |     2 ||     2
       Potion            |       |     1 ||     1
 Stab: Sleeping          |     6 |     2 ||     8
  Eat: Chunk             |       |     1 ||     1
Armor: Skin              |    13 |       ||    13
Dodge: Dodged            |    32 |    11 ||    43

Table legend:
 A = Spawn XP
 B = Non-spawn XP
 C = Spawn XP percentage of total XP
 D = Spawn monster count
 E = Non-spawn monster count
 F = Spawn count percentage of total count
 G = Total turns spent on level
                    A         B        C        D         E        F      G
               +---------+---------+-------+---------+---------+-------+---------
         Total |       0 |     360 |   0.0 |       0 |      46 |   0.0 |  1178
               +---------+---------+-------+---------+---------+-------+---------
           D:1 |       0 |      35 |   0.0 |       0 |      20 |   0.0 |   547
           D:2 |       0 |      18 |   0.0 |       0 |       9 |   0.0 |   102
           D:4 |       0 |      24 |   0.0 |       0 |       5 |   0.0 |   194
           D:5 |       0 |      87 |   0.0 |       0 |       2 |   0.0 |   150
           D:6 |       0 |     124 |   0.0 |       0 |       7 |   0.0 |   141
           D:7 |       0 |      72 |   0.0 |       0 |       3 |   0.0 |    44
               +---------+---------+-------+---------+---------+-------+---------
